 Dungeon Crawl Stone Soup version 0.26-a0-639-g72c4674329 (webtiles) character file.

Game seed: 4266769235824106915

1966 Lanoc the Basher (level 9, -4/184 HPs)
             Began as a Naga Chaos Knight on Sept 27, 2020.
             Was a Plaything of Xom.
             Slain by a torpor snail (glowing shapeshifter) (8 damage)
             ... on level 5 of the Dungeon.
             The game lasted 00:08:12 (4558 turns).

Lanoc the Basher (Naga Chaos Knight)                Turns: 4558, Time: 00:08:13

Health: -4/184     AC: 28    Str: 17    XL:     9   Next: 19%
Magic:  3/9        EV:  1    Int: 12    God:    Xom [...*..]
Gold:   184        SH:  0    Dex: 16    Spells: 8/8 levels left

rFire    . . .     SeeInvis +   a - +0 mace (chaos)
rCold    . . .     Faith    .   (no shield)
rNeg     + + +     Spirit   .   (armour currently unavailable)
rPois    +         Reflect  .   (helmet currently unavailable)
rElec    .         Harm     .   (cloak currently unavailable)
rCorr    .         Rampage  .   (gloves currently unavailable)
MR       +....     NoTele   +   (no barding)
Stlth    ..........             (no amulet)
HPRegen  0.40/turn              x - +6 ring of strength
MPRegen  0.11/turn              w - +4 ring of protection

@: mighty, berserking (expiring), tree-form, very quick
A: large, see invisible, agile 1, deterioration 1, spit poison 1, weak 2, no
potion heal 1, subdued magic 1, AC +3
a: Spit Poison, Renounce Religion


You were on level 5 of the Dungeon.
You worshipped Xom.
You were a favourite toy of Xom.
You were a tree.
You visited 1 branch of the dungeon, and saw 6 of its levels.

You collected 184 gold pieces.

Inventory:

Hand Weapons
 a - a +0 mace of chaos (weapon)
Armour
 b - a +2 leather armour (melded)
 o - a +1 barding of stealth (melded)
 p - a +0 tower shield
 y - a +1 helmet (melded)
Jewellery
 t - an uncursed ring of flight
 w - a +4 ring of protection (right branch)
 x - a +6 ring of strength (left branch)
Wands
 f - a wand of acid (7)
 n - a wand of digging (5)
Scrolls
 c - a scroll of immolation {unknown}
 d - 2 scrolls of enchant armour {unknown}
 e - 8 scrolls of remove curse
 g - a scroll of magic mapping {unknown}
 j - 2 scrolls of random uselessness {unknown}
 k - 2 scrolls of noise {unknown}
 m - a scroll of enchant weapon {unknown}
 r - a scroll of fear {unknown}
 s - 2 scrolls of teleportation {unknown}
 v - a scroll of amnesia {unknown}
Potions
 l - a potion of degeneration
 u - a potion of curing


   Skills:
 + Level 6.0 Fighting
 * Level 8.0 Maces & Flails
 + Level 4.6 Armour
 + Level 4.3 Dodging


You had 8 spell levels left.
You didn't know any spells.
Your spell library was empty.

Dungeon Overview and Level Annotations

Branches:
Dungeon (6/15)
 Temple: D:4-7

Altars:
Ashenzari
Elyvilon
Okawaru
Ru
Yredelemnul


Innate Abilities, Weirdness & Mutations

You cannot wear boots.
((Your serpentine skin is tough. (AC +3)))
You have supernaturally acute eyesight. (SInv)
((Armour fits poorly on your strangely shaped body.))
((Your system is resistant to poisons. (rPois)))
((You cover ground very slowly.))
You can spit poison.
You are agile. (Dex +2)
Your body sometimes deteriorates upon taking damage.
You are very weak. (Str -4)
Potions are less effective at restoring your health.
Your spells are a little easier to cast, but a little less powerful.


Message History

You hit the torpor snail.
The torpor snail seems to speed up.
The torpor snail is moderately wounded.
You feel yourself speed up. The torpor snail bites you!
* * * LOW HITPOINT WARNING * * *
Being near the torpor snail leaves you feeling lethargic.
You thump the torpor snail!
The torpor snail looks as sick as possible!
The torpor snail is heavily wounded.
You feel yourself speed up. The torpor snail bites you.
* * * LOW HITPOINT WARNING * * *
Being near the torpor snail leaves you feeling lethargic.
You hit the torpor snail but do no damage.
The torpor snail looks as sick as possible!
The torpor snail is heavily wounded.
You feel yourself speed up. The torpor snail bites you!
You die...
Xom titters!

#..###.##......#............#####
..####..########.......##.....#.#
.........######....#...#.........
..##...............##..#.........
..#..........##..###.............
..##.#........##.##......#......#
..##.#........##.#....#..#.......
.##......#.##.##.....##..........
...............#♣....##.......###
...............[w>.............♣#
........##.......).....######♣..♣
#.......#........[..#..#♣♣♣♣♣#♣..
#.....#...............##♣....♣#♣.
##.[###.###..[........#♣.....⌠♣♣.
.[...######..#.......##♣...._.♣♣.
.....#....####[......#♣♣.....⌠♣♣.
...........# #.....#.#♣......♣#♣.


You could see a torpor snail shaped shifter (fast, extremely poisoned).

Vanquished Creatures
  Grinder (D:5)
  A human (D:4)
  Grum (D:5)
  Edmund (D:5)
  Duvessa (D:4)
  A black bear (shapeshifter) (D:1)
  3 ogres (D:4)
  A centaur (D:5)
  A scorpion (D:4)
  A bullfrog skeleton (D:4)
  A jelly (D:5)
  4 orc wizards
  A centaur skeleton (D:4)
  A gnoll shaman (D:5)
  11 hounds
  2 worker ants (D:4)
  A worker ant zombie (D:5)
  8 gnolls (D:5)
  2 adders
  An ooze (D:1)
  3 worms
  A dart slug (D:1)
  2 leopard geckos
  15 orcs
  2 bats
  2 giant cockroaches
  2 goblins
  4 hobgoblins
  A jackal (D:5)
  3 kobolds (D:3)
  3 quokkas
  2 frilled lizards (D:3)
  4 rats
88 creatures vanquished.

Vanquished Creatures (collateral kills)
  2 jackals (D:4)
2 creatures vanquished.

Vanquished Creatures (others)
  Dowan (D:4)
1 creature vanquished.

Grand Total: 91 creatures vanquished

Notes
Turn   | Place    | Note
-------+----------+-------------------------------------------
     0 | D:1      | Lanoc the Naga Chaos Knight began the quest for the Orb.
     0 | D:1      | Reached XP level 1. HP: 21/21 MP: 1/1
    50 | D:1      | Noticed a shapeshifter
    50 | D:1      | a bat changed into a shapeshifter
    50 | D:1      | Noticed a black bear
    50 | D:1      | a shapeshifter changed into a black bear
    51 | D:1      | XOM: potion effect (might)
    52 | D:1      | XOM: potion effect (haste)
    55 | D:1      | Killed a black bear
    55 | D:1      | Reached skill level 4 in Maces & Flails
    55 | D:1      | Reached skill level 1 in Dodging
    55 | D:1      | Reached XP level 2. HP: 15/28 MP: 2/2
    55 | D:1      | Reached XP level 3. HP: 19/34 MP: 3/3
    55 | D:1      | Reached XP level 4. HP: 23/42 MP: 4/4
   181 | D:1      | XOM: silly message
   266 | D:1      | XOM: noise
   295 | D:2      | XOM: divination: detect creatures
   457 | D:3      | XOM: stealth player
   462 | D:3      | Reached XP level 5. HP: 49/49 MP: 5/5
   562 | D:3      | Found a shattered altar of Ashenzari.
   625 | D:3      | Found an iron altar of Okawaru.
   725 | D:3      | Noticed Terence
   728 | D:3      | XOM: cleaving
   730 | D:3      | Noticed Terence
   730 | D:3      | Terence changed into Terence the quokka
   731 | D:3      | Killed Terence the quokka
   760 | D:3      | Found a sacrificial altar of Ru.
   910 | D:3      | XOM: god gift: shiny barding {god gift}
   932 | D:3      | XOM: god gift: tower shield {god gift}
  1212 | D:4      | Noticed an ogre
  1214 | D:4      | Noticed an ogre
  1218 | D:4      | HP: 2/50 [ogre/+0 giant club (20)]
  1224 | D:4      | Killed an ogre
  1224 | D:4      | Reached XP level 6. HP: 30/57 MP: 6/6
  1238 | D:4      | XOM: 3-stop teleportation journey
  1357 | D:4      | Noticed Dowan
  1358 | D:4      | XOM: blink monster(s)
  1358 | D:4      | Noticed Duvessa
  1363 | D:4      | XOM: divination: detect items
  1372 | D:4      | XOM: enchant monster (good)
  1380 | D:4      | XOM: give mutations
  1380 | D:4      | Gained mutation: Potions are less effective at restoring
                  | your health. [Xom's mischief]
  1380 | D:4      | Gained mutation: You are clumsy. (Dex -2) [Xom's mischief]
  1380 | D:4      | Gained mutation: You are robust. (+10% HP) [Xom's mischief]
  1380 | D:4      | Gained mutation: Your body sometimes deteriorates upon
                  | taking damage. [Xom's mischief]
  1399 | D:4      | XOM: enchant monster (good)
  1402 | D:4      | Your ally died
  1402 | D:4      | Reached skill level 5 in Maces & Flails
  1407 | D:4      | Killed Duvessa
  1616 | D:4      | XOM: god gift: 20 stones
  1772 | D:4      | Reached XP level 7. HP: 72/72 MP: 7/7
  1782 | D:4      | XOM: stat loss: -1 Dex (8/11)
  2072 | D:4      | Noticed a human
  2072 | D:4      | a worker ant changed into a human
  2082 | D:4      | Killed a human
  2086 | D:4      | XOM: cloud trail
  2115 | D:4      | Reached skill level 6 in Maces & Flails
  2120 | D:4      | XOM: noise
  2251 | D:4      | Reached XP level 8. HP: 80/80 MP: 8/8
  2310 | D:4      | XOM: silly message
  2361 | D:5      | Entered Level 5 of the Dungeon
  2380 | D:5      | XOM: enchant monster (bad)
  2466 | D:5      | Reached skill level 5 in Fighting
  2467 | D:5      | XOM: potion effect (brilliance)
  2653 | D:5      | Noticed Grum
  2667 | D:5      | Killed Grum
  2667 | D:5      | Reached skill level 7 in Maces & Flails
  2899 | D:5      | Noticed Grinder
  2907 | D:5      | Killed Grinder
  2912 | D:5      | XOM: give mutation
  2912 | D:5      | Gained mutation: You are weak. (Str -2) [Xom's mischief]
  2944 | D:5      | XOM: blink monster(s)
  3080 | D:5      | XOM: potion effect (invisibility)
  3248 | D:5      | XOM: noise
  3362 | D:5      | XOM: summons 3 hostile demons
  3848 | D:5      | XOM: give mutations
  3848 | D:5      | Lost mutation: You are clumsy. (Dex -2) [Xom's mischief]
  3848 | D:5      | Gained mutation: You are very weak. (Str -4) [Xom's
                  | mischief]
  3849 | D:5      | XOM: god gift: embroidered scarf {god gift}
  3904 | D:5      | Reached XP level 9. HP: 89/90 MP: 9/9
  3906 | D:5      | Got a scorched dagger
  3906 | D:5      | Identified the cursed +0 dagger of Dodunn {flame, Int+8}
                  | (You found it on level 5 of the Dungeon)
  4060 | D:5      | Noticed Edmund
  4063 | D:5      | XOM: enchant monster (good)
  4075 | D:5      | XOM: confuse monster(s)
  4085 | D:5      | Killed Edmund
  4161 | D:5      | Reached skill level 8 in Maces & Flails
  4344 | D:5      | Found a white marble altar of Elyvilon.
  4478 | D:5      | Found a basalt altar of Yredelemnul.
  4520 | D:6      | XOM: noise
  4530 | D:5      | Noticed a glowing shapeshifter
  4530 | D:5      | an orc warrior changed into a glowing shapeshifter
  4530 | D:5      | Noticed a torpor snail
  4530 | D:5      | a glowing shapeshifter changed into a torpor snail
  4533 | D:5      | Noticed a sea snake
  4533 | D:5      | a torpor snail changed into a sea snake
  4533 | D:5      | a sea snake changed into a swamp worm
  4540 | D:5      | Lost mutation: Your body sometimes deteriorates upon taking
                  | damage. [potion of mutation]
  4540 | D:5      | Lost mutation: You are robust. (+10% HP) [potion of
                  | mutation]
  4540 | D:5      | Gained mutation: Your spells are a little easier to cast,
                  | but a little less powerful. [potion of mutation]
  4540 | D:5      | Gained mutation: Your body sometimes deteriorates upon
                  | taking damage. [potion of mutation]
  4540 | D:5      | Gained mutation: You are agile. (Dex +2) [potion of
                  | mutation]
  4540 | D:5      | Noticed a mana viper
  4540 | D:5      | a redback changed into a mana viper
  4543 | D:5      | XOM: confusion (+ monsters)
  4544 | D:5      | Noticed a glowing shapeshifter
  4544 | D:5      | a mana viper changed into a glowing shapeshifter
  4545 | D:5      | XOM: potion effect (might)
  4545 | D:5      | Noticed a moth of wrath
  4545 | D:5      | a glowing shapeshifter changed into a moth of wrath
  4549 | D:5      | XOM: silly message
  4550 | D:5      | Noticed a merfolk
  4550 | D:5      | a moth of wrath changed into a merfolk
  4552 | D:5      | Noticed a torpor snail
  4552 | D:5      | a merfolk changed into a torpor snail
  4556 | D:5      | HP: 4/184 [torpor snail (glowing shapeshifter) (12)]
  4558 | D:5      | Slain by a torpor snail (glowing shapeshifter)

Illustrated notes

Levels and vault maps discovered:
D:1:      ncdulo_smallfort, layout_loops_ring, minmay_misc_feat_enclosed,
          kennysheep_boxes
D:2:      wad_river_or_something, layout_basic, st_stairs_10,
          kennysheep_generic_room_13, uniq_crazy_yiuf_cottage
D:3:      layout_rooms, lemuel_crystal_altar,
          nicolae_ru_great_annihilating_truth, minmay_hedge_maze,
          okawaru_metal_pillars_1_2, uniq_terence
D:4:      layout_loops_ring, uniq_duvessa
D:5:      layout_cave_pools, kennysheep_ying_yang, serial_gnoll_camp,
          grums_kennel, gnoll_camp_mini_doghouse, gnoll_camp_mini_house,
          gnoll_camp_mini_basic, gnoll_camp_mini_loothouse, minivault_1,
          uniq_edmund, uniq_grinder
D:6:      layout_gridville, vehumet_altar_wand_db, basic_altar,
          uniq_prince_ribbit1, uniq_maggie, uniq_pikel

Skill      XL: |  1  2  3  4  5  6  7  8  9 |
---------------+----------------------------+-----
Maces & Flails | 4 5 6 7 8 |  8.0
Armour         | 2 3 4 |  4.6
Dodging        | 1 2 3 4 |  4.3
Fighting       | 4 5 6 |  6.0

Action                   |  1- 3 |  4- 6 |  7- 9 || total
-------------------------+-------+-------+-------++-------
Melee: Mace              |    12 |    91 |   293 ||   396
 Abil: Spit Poison       |       |    13 |    19 ||    32
Evoke: Wand              |       |       |     2 ||     2
  Use: Potion            |       |     3 |     3 ||     6
       Scroll            |       |       |     1 ||     1
 Stab: Sleeping          |       |     2 |     4 ||     6
       Invisible         |       |     1 |     3 ||     4
       Paralysed         |       |     1 |     3 ||     4
       Petrified         |       |       |     4 ||     4
       Confused          |       |       |     5 ||     5
Armor: Leather armour    |     3 |    34 |   211 ||   248
       Skin              |       |       |     3 ||     3
Dodge: Dodged            |    10 |    50 |   175 ||   235

Table legend: (Time is in decaauts)
 A = Elapsed time spent in this place.
 B = Non-inter-level travel time spent in this place.
 C = Inter-level travel time spent in this place.
 D = Time resting spent in this place.
 E = Time spent auto-exploring this place.
 F = Levels seen in this place.
 G = Mean time per level.
                   A        B        C        D        E       F      G
               +--------+--------+--------+--------+--------+-----+--------+
         Total |   5283 |   5184 |     99 |    533 |   3589 |   6 |  880.5 |
       Dungeon |   5283 |   5184 |     99 |    533 |   3589 |   6 |  880.5 |
               +--------+--------+--------+--------+--------+-----+--------+

Top non-repeatable levels by time:
     D:5: 2333 daAuts
     D:4: 1748 daAuts
     D:3: 687 daAuts
     D:1: 316 daAuts
     D:2: 194 daAuts
     D:6: 2 daAuts
